Cogmind - Beta 11.1 *** ADVENTURER MODE // 2022.05.24 @ 17:58:43 Player: Fgdfgfthgr Result: Self-destructed Performance ------------- Evolutions (5) 2500 Regions Visited (23) 4600 Robots Destroyed (395) 1975 Value Destroyed (13652) 13652 Prototype IDs (84) 1680 Alien Tech Used (0) 0 Bonus (3024) 3024 TOTAL SCORE: 27431 Bonus ------- High Alert Combat Kills 628 Follower Combat Kills 1998 Entered Garrisons 400 Used RIF Installer 500 Network Hubs Disabled 400 Aligned with FarCom 300 A7 Reached Mainframe 300 Met R17 at Cetus 500 Friendly Fire -2002 Cogmind --------- Core Integrity 935/1000 Matter 252/300 Energy 178/315 System Corruption 0% Temperature Cool (0) Movement Walking (100) Location -5/Garrison Parts ------- > --- POWER (1) -------- Neutrino Core > --- PROPULSION (5) --- Enhanced Biometal Leg Enhanced Biometal Leg Enhanced Biometal Leg Enhanced Biometal Leg Enhanced Biometal Leg > --- UTILITY (8) ------ Experimental Heat Sink Huge Storage Unit Advanced Visual Processing Unit Experimental Targeting Computer Centrium Medium Armor Plating Experimental EM Disruption Field Improved System Shield > --- WEAPON (3) ------- EMDS Advanced KE Penetrator > --- INVENTORY (25) --- Antimatter Reactor Quantum Reactor Quantum Reactor Enhanced Biometal Leg Enhanced Biometal Leg Advanced Power Amplifier Experimental Heat Sink Makeshift Terrain Scanner Weapon Cycler Experimental Phase Shifter Improved Utility Shielding Centrium Medium Armor Plating Centrium Medium Armor Plating Relay Coupler [Heavy] (13) Phasing AFG Advanced Variable Charge Gun Enhanced Quantum Rifle Enhanced Quantum Rifle EMDS Long-range Missile Launcher Remote Datajack Improved Remote Datajack Peak State ------------ > --- POWER ------------ Neutrino Core > --- PROPULSION ------- Enhanced Biometal Leg Enhanced Biometal Leg Enhanced Biometal Leg Enhanced Biometal Leg Enhanced Biometal Leg > --- UTILITY ---------- Experimental Heat Sink Huge Storage Unit Advanced Visual Processing Unit Makeshift Terrain Scanner Surveybot 24 Chip Experimental Targeting Computer Centrium Medium Armor Plating Improved System Shield > --- WEAPON ----------- EMDS Advanced KE Penetrator > --- INVENTORY -------- Antimatter Reactor Quantum Reactor Quantum Reactor Enhanced Biometal Leg Enhanced Biometal Leg Advanced Power Amplifier Experimental Heat Sink Weapon Cycler Experimental Phase Shifter Improved Utility Shielding Centrium Medium Armor Plating Centrium Medium Armor Plating Experimental EM Disruption Field Relay Coupler [Heavy] Phasing AFG Advanced Variable Charge Gun Enhanced Quantum Rifle Enhanced Quantum Rifle EMDS EMDS Long-range Missile Launcher Remote Datajack Improved Remote Datajack [Rating: 145] Favorites ----------- Power Heavy Deuterium Engine Engine Heavy Deuterium Engine Power Core Nuclear Core Reactor Antimatter Reactor Propulsion Medium Treads Treads Medium Treads Leg Enhanced Biometal Leg Wheel Armored Huge Wheel Hover Unit Cooled Aerolev Unit Flight Unit VTOL Module Utility Advanced Visual Processing Unit Device Advanced Heat Sink Storage Huge Storage Unit Processor Advanced Visual Processing Unit Hackware Improved System Shield Protection Improved Medium Armor Plating Weapon Enhanced Autogun Energy Gun Heavy Particle Gun Energy Cannon Compact Ion Cannon Ballistic Gun Enhanced Autogun Ballistic Cannon Light Cannon Launcher Proton Missile Launcher Special Weapon Remote Datajack Impact Weapon Powered Hammer Special Melee Weapon Datajack Build | -11 -10 -10 -10 -9 -8 -8 -7 -7 -7 -7 -7 -7 -7 -7 -7 -6 -6 -6 -6 -6 -6 -5 -5 ------- Run | Scr Mat Min Exi Min Mat Sto Fac Was Fac Gar Fac Low Low Zio Dee Pro Fac Ext Cet Arc Hub Fac Gar Slots Evolved 10 | . . . . . 4 . 2 . . . . . . . . . 2 . . . . 2 . Power . | . . . . . . . . . . . . . . . . . . . . . . . . Propulsion 3 | . . . . . 1 . 1 . . . . . . . . . . . . . . 1 . Utility 6 | . . . . . 2 . 1 . . . . . . . . . 2 . . . . 1 . Weapon 1 | . . . . . 1 . . . . . . . . . . . . . . . . . . Parts Attached 360 | . 15 10 3 8 46 25 11 16 24 7 10 3 2 30 6 4 43 22 8 8 50 5 4 Power 14 | . . 1 . . 2 1 . 3 . 1 . . . . 1 . 1 . 2 . 2 . . Engine 4 | . . . . . 1 1 . . . 1 . . . . . . 1 . . . . . . Core 4 | . . 1 . . 1 . . 1 . . . . . . . . . . . . 1 . . Reactor 6 | . . . . . . . . 2 . . . . . . 1 . . . 2 . 1 . . Propulsion 61 | . 2 . . . 17 5 1 2 5 . 2 1 . 4 . . 3 9 2 . 6 2 . Treads 49 | . 2 . . . 15 4 1 2 4 . 2 1 . 4 . . 3 8 2 . 1 . . Leg 7 | . . . . . . . . . . . . . . . . . . . . . 5 2 . Wheel 1 | . . . . . . . . . 1 . . . . . . . . . . . . . . Hover 2 | . . . . . 1 1 . . . . . . . . . . . . . . . . . Flight 2 | . . . . . 1 . . . . . . . . . . . . 1 . . . . . Utility 131 | . 4 . 1 2 10 2 2 6 16 . 5 . . 11 2 2 23 3 2 5 29 3 3 Device 47 | . . . . . 3 . . 3 4 . 2 . . 6 . 1 9 . 1 3 11 2 2 Storage 4 | . 2 . 1 . . 1 . . . . . . . . . . . . . . . . . Processor 10 | . . . . . 1 . 1 1 2 . . . . . . . 3 . . . 2 . . Hackware 4 | . . . . . . . . . 1 . . . . . . . . 1 . . 1 1 . Protection 66 | . 2 . . 2 6 1 1 2 9 . 3 . . 5 2 1 11 2 1 2 15 . 1 Artifact . | . . . . . . . . . . . . . . . . . . . . . . . . Weapon 154 | . 9 9 2 6 17 17 8 5 3 6 3 2 2 15 3 2 16 10 2 3 13 . 1 Energy Gun 38 | . . . . . 4 1 2 2 2 2 2 . . 7 1 1 6 3 1 1 3 . . Energy Cannon 12 | . . . . . . . . 2 . 1 . 1 1 2 1 . 2 . . . 1 . 1 Ballistic Gun 53 | . 8 6 . 4 10 8 4 1 . 1 . . . . . . 3 2 1 1 4 . . Ballistic Cannon 1 | . . 1 . . . . . . . . . . . . . . . . . . . . . Launcher 34 | . 1 1 1 2 3 3 1 . 1 2 1 1 1 5 1 1 4 3 . . 2 . . Special Weapon 7 | . . . . . . . . . . . . . . 1 . . . 2 . 1 3 . . Impact Weapon 7 | . . . . . . 5 1 . . . . . . . . . 1 . . . . . . Slashing Weapon . | . . . . . . . . . . . . . . . . . . . . . . . . Piercing Weapon . | . . . . . . . . . . . . . . . . . . . . . . . . Special Melee Weapon 2 | . . 1 1 . . . . . . . . . . . . . . . . . . . . Unidentified Prototypes 23 | . . . . . 7 2 . . 1 . 1 . . 1 2 . 3 . 3 1 2 . . Corrupted Parts 3 | . . . . . . . . . . . . . . 3 . . . . . . . . . System Corruption 6 | . . . . . . . . . . . . . . 6 . . . . . . . . . Parts Lost 17 | . . . 1 1 . . . 1 . . 1 . . 2 1 . . 4 1 . 3 . 2 Power 2 | . . . . . . . . 1 . . . . . . . . . . . . 1 . . Propulsion 3 | . . . . . . . . . . . 1 . . . . . . 2 . . . . . Utility 7 | . . . 1 1 . . . . . . . . . 1 . . . 1 1 . 1 . 1 Weapon 5 | . . . . . . . . . . . . . . 1 1 . . 1 . . 1 . 1 Highest Loss Streak 2 | . . . 1 1 . . . 1 . . 1 . . 1 1 . . 1 1 . 2 . 1 To Critical Strikes 2 | . . . . . . . . . . . . . . . . . . 2 . . . . . Average Slot Usage (%) 93 | . 96 100 100 100 99 98 100 91 87 92 92 92 92 92 92 91 92 94 92 85 80 94 94 Engine 4 | . 14 8 . . 7 6 7 1 . . 7 7 7 7 2 . 2 6 1 . . . . Core 2 | . . 5 14 14 1 2 . . . . . . . . . . . . . . 2 5 5 Reactor 1 | . . . . . . . . 4 7 6 . . . . 4 7 4 . 4 6 3 . . Treads 22 | . 12 28 28 28 26 26 30 23 18 23 23 23 23 23 23 23 20 21 18 13 10 . . Leg 1 | . 15 . . . . . . . . . . . . . . . . . . . 4 29 29 Device 6 | . . . . . 9 9 7 1 7 7 7 7 7 7 7 7 13 13 10 7 6 11 11 Storage 8 | . 14 14 14 14 9 9 7 7 7 7 7 7 7 7 7 7 6 6 6 6 6 5 5 Processor 11 | . . . . . 5 9 15 23 15 15 15 15 15 15 15 15 20 20 20 20 15 17 17 Protection 9 | . 10 14 14 14 12 9 7 4 5 7 7 7 7 6 7 6 5 5 8 11 10 5 5 Energy Gun 6 | . . . . . 8 2 5 7 6 5 10 15 15 14 16 14 9 5 6 5 7 . . Energy Cannon 2 | . . . . . . . . 6 7 7 7 7 6 2 4 7 4 . . . . 5 5 Ballistic Gun 12 | . 28 27 14 27 18 23 17 7 7 7 3 . . . . . 4 12 12 7 9 5 5 Naked Turns . | . . . . . . . . . . . . . . . . . . . . . . . . Heaviest Build 160 | 12 34 36 57 59 67 106 107 113 116 119 116 112 112 114 110 110 118 116 124 124 160 132 129 Greatest Support 160 | 20 40 40 40 40 84 84 112 140 140 126 126 120 112 126 126 126 126 130 160 160 160 150 150 Greatest Overweight (x) 4 | . . . 1 1 1 1 . . 4 . . . . 1 . . 1 1 . . 1 . . Average Overweight (x) . | . . . . 1 . . . . . . . . . . . . . . . . . . . Largest Inventory Capacity 25 | . 15 15 20 20 20 25 25 25 25 25 25 25 25 25 25 25 25 25 25 25 25 25 25 Average Capacity 22 | . 12 15 16 20 20 21 25 25 25 25 25 25 25 25 25 25 25 25 25 25 25 25 25 Most Carried 25 | . 15 15 15 20 20 25 25 25 25 25 25 25 25 25 25 25 25 25 25 25 25 25 25 Average Carried 21 | . 11 14 15 17 19 21 24 24 24 24 24 24 25 24 24 25 24 24 24 24 23 23 23 Final Capacity 25 | 8 15 15 20 20 20 25 25 25 25 25 25 25 25 25 25 25 25 25 25 25 25 25 25 Final Carried 25 | 6 15 15 15 20 20 25 25 25 25 24 24 25 25 25 25 25 25 25 25 25 25 25 23 Class Distribution -------------------- 24% | Mutant 19% | Gunner 16% | Tank 13% | Scavenger-Mutant 8% | Scavenger-Tank 7% | Scavenger-Gunner 5% | Scavenger-Skirmisher Dominant Class ---------------- Mutant | -10/Materials Mutant | -10/Mines Mutant | -10/Exiles Mutant | -9/Mines Tank | -8/Materials Tank | -8/Storage Gunner | -7/Factory Gunner | -7/Waste Gunner | -7/Factory Gunner | -7/Garrison Gunner | -7/Factory Gunner | -7/Lower Caves Gunner | -7/Lower Caves Scavenger-Mutant | -7/Zion Scavenger-Gunner | -7/Deep Caves Scavenger-Gunner | -6/Proximity Caves Scavenger-Skirmisher | -6/Factory Scavenger-Tank | -6/Extension Commander-Tank | -6/Cetus Scavenger-Mutant | -6/Archives Scavenger-Tank | -6/Hub_04(d) Scavenger-Skirmisher | -5/Factory Scavenger-Gunner | -5/Garrison Resources | -11 -10 -10 -10 -9 -8 -8 -7 -7 -7 -7 -7 -7 -7 -7 -7 -6 -6 -6 -6 -6 -6 -5 -5 ----------- Run | Scr Mat Min Exi Min Mat Sto Fac Was Fac Gar Fac Low Low Zio Dee Pro Fac Ext Cet Arc Hub Fac Gar Matter Collected 10643 | 200 403 331 . 418 1128 850 347 490 567 227 222 147 58 1094 139 111 625 974 148 226 1682 72 184 Remotely . | . . . . . . . . . . . . . . . . . . . . . . . . Salvage Created 19238 | . 949 582 . 393 1888 1294 955 1517 1119 649 484 492 182 2199 263 18 863 1905 . 419 2821 72 174 Parts 976 | . 51 40 . 26 124 89 56 17 55 32 19 25 7 140 9 . 44 75 . 16 141 3 7 Haulers Intercepted 25 | . 2 . . . 6 4 2 . 2 . 1 . . . . . 1 6 . . 1 . . Recyclers Shooed 3 | . 1 . . . . . . . . . . . . . . . . 2 . . . . . Parts Field Recycled . | . . . . . . . . . . . . . . . . . . . . . . . . Retrieved Matter . | . . . . . . . . . . . . . . . . . . . . . . . . Parts Self-Destructed 16 | . . . . . . . . . . . . 15 1 . . . . . . . . . . Prevented 12 | . . . . . . . . . . . . 9 3 . . . . . . . . . . Kills | -11 -10 -10 -10 -9 -8 -8 -7 -7 -7 -7 -7 -7 -7 -7 -7 -6 -6 -6 -6 -6 -6 -5 -5 ------- Run | Scr Mat Min Exi Min Mat Sto Fac Was Fac Gar Fac Low Low Zio Dee Pro Fac Ext Cet Arc Hub Fac Gar Combat Hostiles Destroyed 269 | . 14 8 . 20 36 22 14 6 18 14 7 11 3 10 6 . 11 24 . 1 40 1 3 Guns 185 | . 14 6 . 17 29 19 14 5 5 5 3 5 . 1 2 . 6 17 . 1 34 . 2 Cannons 30 | . . . . . . . . 1 9 3 3 3 . 5 1 . 1 . . . 3 . 1 AOE 44 | . . 2 . 3 7 3 . . 4 5 1 3 2 . 2 . 3 7 . . 2 . . Classes Destroyed 23 | . 6 3 . 1 3 . 2 1 1 . . . . 4 1 . . . . . 1 . . Worker 28 | . 3 2 . 3 4 1 3 . 3 . . . . . . . 1 2 . . 6 . . Builder 15 | . . 2 . . 3 2 1 . . . 1 . . . . . . 2 . . 4 . . Tunneler 7 | . . 2 . 1 1 . . . 1 . . . . . . . . 2 . . . . . Hauler 25 | . 2 . . . 6 4 2 . 2 . 1 . . . . . 1 6 . . 1 . . Recycler 11 | . 3 2 . . 1 1 . . . . . . . . . . 2 2 . . . . . Mechanic 1 | . . 1 . . . . . . . . . . . . . . . . . . . . . Operator 11 | . . . . . 1 1 . . . . . . . . . . . . . 9 . . . Watcher 16 | . 2 . . . 5 2 1 . 2 . . . . . . . . 1 . . 3 . . Swarmer 54 | . 3 3 . 8 14 4 . . . 3 . 3 . . . . 3 6 . . 7 . . Grunt 111 | . 11 5 . 3 11 8 9 . 12 7 6 6 3 . . . 2 11 . . 14 . 3 Brawler 3 | . . . . . . . 1 . 1 . . 1 . . . . . . . . . . . Duelist 4 | . . . . . 1 1 1 . . . . . . . . . 1 . . . . . . Protector 2 | . . . . . . . . . . . . . . . . . . . . . 2 . . Sentry 38 | . . . . . 10 9 2 . 1 2 1 1 . . . . 2 5 . 1 3 1 . Hunter 8 | . . . . . . . . . 1 2 . . . . . . 1 . . . 4 . . Programmer 9 | . . . . . . . 1 . 3 . . . . . . . 2 1 . . 2 . . Behemoth 1 | . . . . . . . . . . . . . . . . . . 1 . . . . . Compactor 6 | . . . . . . . . 6 . . . . . . . . . . . . . . . Lightning 8 | . . . . . . . . . . . . . . . . . . . . . 8 . . Zionite 57 | . . . . . . . . . . . . . . 57 . . . . . . . . . Z-Light 3 | . . . . . . . . . . . . . . . 3 . . . . . . . . Decomposer 1 | . . . . . . . . . . . . . . . . 1 . . . . . . . Tinkerer 5 | . . . . . . . . . . . . . . 5 . . . . . . . . . Assembled 12 | . . . . 9 . . . . . . . . . . 3 . . . . . . . . Thug 3 | . . . . . . . . . . . . . . 1 . . . 1 . . 1 . . Guerrilla 1 | . . . . . . . . . . . . . . . . . . . . . 1 . . Marauder 2 | . . . . . . . . . . . . . . 2 . . . . . . . . . Mutant 6 | . . . . . . . . . . . . . . 6 . . . . . . . . . Best Kill Streak 12 | . 5 5 . 6 9 12 4 1 5 6 4 4 3 8 3 . 4 9 . 3 5 1 3 Combat Bots Only 10 | . 3 3 . 6 7 10 3 1 4 6 3 4 3 2 3 . 3 5 . 1 4 1 3 Max Kills in Single Turn 5 | . 2 2 . 3 3 3 1 1 3 3 1 3 1 2 1 1 2 5 . 1 4 1 1 Gunslinging 1 | . . . . . 1 . . . . . . . . . . . . 1 . . 1 . . Exploded 3 | . . 2 . 3 3 3 . . 2 3 1 3 1 . 1 . 2 3 . . 1 . . Melee . | . . . . . . . . . . . . . . . . . . . . . . . . Uniques/NPCs Destroyed 2 | . . 1 . . . . . . . . . . . 1 . . . . . . . . . YI-UF0 (-10/Mines) Imprinter (-7/Zion) Combat | -11 -10 -10 -10 -9 -8 -8 -7 -7 -7 -7 -7 -7 -7 -7 -7 -6 -6 -6 -6 -6 -6 -5 -5 -------- Run | Scr Mat Min Exi Min Mat Sto Fac Was Fac Gar Fac Low Low Zio Dee Pro Fac Ext Cet Arc Hub Fac Gar Damage Taken 11181 | . 293 151 144 522 1011 503 341 48 443 475 758 170 126 735 501 16 280 1279 135 . 2799 . 451 Core 1070 | . 29 33 27 58 71 32 40 . 20 28 35 16 . 109 47 . 39 189 . . 232 . 65 Absorbed by Shields 563 | . . . . . . . . . . . . . . . . . 63 460 40 . . . . Reduced by Siege Mode 335 | . . . . . . . . . 20 6 34 . 3 8 . . . 39 . . 225 . . Redirected to Shielding 35 | . 7 . . . . . . . . . . . . . . . . . . . 28 . . Regen/Repaired (Parts) 450 | . 41 . . . 31 226 . . 152 . . . . . . . . . . . . . . Core Remaining (%) 64 | 100 . . . 41 . 81 . . . . . . . . . 57 . . . . 45 . . Volleys Fired 1158 | . 58 36 1 39 85 69 39 50 41 27 31 13 9 241 24 3 30 86 6 54 199 3 14 Largest 3 | . 2 2 1 2 3 3 3 3 3 3 3 3 3 3 3 1 3 3 3 3 3 2 2 Hottest 206 | . 46 46 33 46 104 109 113 206 170 140 165 165 165 200 165 39 175 108 108 118 169 105 105 Shots Fired 2480 | . 115 67 1 76 241 190 112 133 113 66 70 39 14 377 39 3 70 238 18 58 413 6 21 Gun 2099 | . 114 62 . 74 235 188 110 104 75 43 41 26 7 216 27 . 57 229 18 56 402 3 12 Cannon 202 | . . 2 . . . . . 29 36 19 24 12 2 44 8 . 8 . . . 6 3 9 Launcher 170 | . 1 3 1 2 6 2 2 . 2 4 5 1 5 115 4 3 5 7 . . 2 . . Special 9 | . . . . . . . . . . . . . . 2 . . . 2 . 2 3 . . Kinetic 1284 | . 114 64 . 74 162 150 78 55 40 25 13 . . . . . 29 154 12 32 267 3 12 Thermal 730 | . . . . . 73 38 32 78 71 37 45 25 5 95 32 . 36 41 . . 122 . . Explosive 38 | . 1 3 1 2 6 2 2 . . 1 . 1 . 2 . 3 5 7 . . 2 . . Electromagnetic 419 | . . . . . . . . . 2 3 12 13 9 278 7 . . 34 6 24 19 3 9 Robot Hit Streak 51 | . 25 22 . 24 38 24 39 51 33 20 38 41 15 40 9 . 28 35 28 29 48 27 44 Robot Miss Streak 7 | . 3 1 . 3 2 1 1 2 2 1 1 1 . 1 2 . 1 2 . 2 7 . 1 Penetration Max 1 | . . . . . . . . . . . . . . . . . . . . 1 1 . 1 Secondary Targets 32 | . . . . 6 6 4 2 . 1 . . . . . . . . 7 . . 6 . . Max Gunslinging Chain 1 | . . . . 1 1 1 1 . 1 . . . . . . . . 1 . . 1 . . Shots Hit Robots 1847 | . 87 50 4 63 185 122 86 115 82 44 53 26 11 206 28 . 47 200 18 51 344 6 19 Core Hits 817 | . 46 31 . 38 90 53 43 23 44 21 18 20 5 96 12 . 31 83 5 19 129 1 9 Critical Kills 21 | . . . . . . 1 1 1 . 1 . . . 3 . . . 1 . 3 9 . 1 Critical Parts Destroyed 24 | . . . . . . . . . . . . . . . . . . . . 2 20 1 1 Critical Strikes 77 | . . . . . 3 5 2 4 3 2 1 . . 3 3 . 3 4 1 5 34 2 2 Burn 29 | . . . . . 2 4 1 3 3 1 1 . . . 3 . 3 3 . . 5 . . Meltdown 4 | . . . . . . . . . . 1 . . . 3 . . . . . . . . . Destroy 44 | . . . . . 1 1 1 1 . . . . . . . . . 1 1 5 29 2 2 Melee Attacks 17 | . . 1 4 . . 11 1 . . . . . . . . . . . . . . . . Impact 12 | . . . . . . 11 1 . . . . . . . . . . . . . . . . Slashing . | . . . . . . . . . . . . . . . . . . . . . . . . Piercing . | . . . . . . . . . . . . . . . . . . . . . . . . Sneak Attacks 6 | . . 1 4 . . 1 . . . . . . . . . . . . . . . . . Combat Hostiles . | . . . . . . . . . . . . . . . . . . . . . . . . Follow-up Attacks . | . . . . . . . . . . . . . . . . . . . . . . . . Damage Inflicted 43532 | . 1034 1035 . 1116 3901 2470 1608 2242 2368 1297 1331 750 359 4644 797 26 1464 5988 325 1462 8479 209 627 Guns 31683 | . 1008 647 . 996 3230 2129 1561 1659 969 487 657 396 124 2771 420 . 960 4293 325 1305 7383 82 281 Cannons 4456 | . . . . . . . . 583 910 427 391 173 28 881 107 . 209 . . . 274 127 346 Explosions 7256 | . 26 388 . 120 671 251 47 . 486 383 283 181 207 992 270 26 282 1695 . 157 791 . . Melee 90 | . . . . . . 90 . . . . . . . . . . . . . . . . . Ramming 47 | . . . . . . . . . 3 . . . . . . . 13 . . . 31 . . Kinetic 18025 | . 1008 647 . 996 2022 1545 953 825 391 187 174 . . . . . 462 2640 225 724 4863 82 281 Thermal 13989 | . . . . . 1208 584 608 1417 1623 727 744 351 90 1936 585 . 707 1071 . 157 2181 . . Explosive 4387 | . 26 388 . 120 671 251 47 . 200 219 . 181 . 103 . 26 282 1641 . . 232 . . Electromagnetic 6994 | . . . . . . . . . 151 164 413 218 269 2605 212 . . 636 100 581 1172 127 346 Impact 90 | . . . . . . 90 . . . . . . . . . . . . . . . . . Slashing . | . . . . . . . . . . . . . . . . . . . . . . . . Piercing . | . . . . . . . . . . . . . . . . . . . . . . . . Highest Corruption 23 | . . . . . . . . 23 22 17 17 17 17 23 23 23 1 1 1 1 14 . . Average Corruption 14 | . . . . . . . . 12 18 17 17 17 17 19 23 23 1 1 1 1 12 . . Corruption Purged 12 | . . . . . . . . 5 5 . . . . . . . 1 . . 1 . . . Corruption Blocked . | . . . . . . . . . . . . . . . . . . . . . . . . Effects 504 | . . . . . . . . 22 87 19 39 42 21 135 48 22 1 12 4 5 47 . . Message Errors 118 | . . . . . . . . 6 22 7 11 10 3 31 12 6 . 2 . . 8 . . Matter Fused 112 | . . . . . . . . 7 18 4 9 11 4 26 11 7 1 2 2 1 9 . . Heat Flow Errors 50 | . . . . . . . . 2 12 1 4 5 2 12 3 3 . 1 . . 5 . . Energy Discharges 52 | . . . . . . . . 3 9 2 5 1 2 14 6 2 . 2 . . 6 . . Parts Rejected 4 | . . . . . . . . . 1 1 . . . 1 . . . . . . 1 . . Data Loss (minor) 73 | . . . . . . . . 1 12 1 2 9 7 22 8 2 . 1 1 1 6 . . Data Loss (major) 26 | . . . . . . . . 2 4 1 2 . 1 10 2 1 . . 1 . 2 . . Misfires 21 | . . . . . . . . 1 4 1 3 3 . 4 1 . . 1 . 1 2 . . Alerts 9 | . . . . . . . . . 1 . . 2 1 1 . 1 . 2 . . 1 . . Misdirections 2 | . . . . . . . . . . . 1 . . 1 . . . . . . . . . Weapon Failures 37 | . . . . . . . . . 4 1 2 1 1 13 5 . . 1 . 2 7 . . Overload Shots 5 | . . . . . . . . . . . . . . . . . 5 . . . . . . Overflow Damage 420 | . . . . . 41 70 . . 40 9 9 . 8 39 30 16 . 74 . 16 68 . . Projectiles 84 | . . . . . . . . . 27 . . . 8 13 30 . . . . . 6 . . Explosions 266 | . . . . . 41 . . . 13 9 9 . . 26 . 16 . 74 . 16 62 . . Melee 70 | . . . . . . 70 . . . . . . . . . . . . . . . . . Knockbacks . | . . . . . . . . . . . . . . . . . . . . . . . . Impact . | . . . . . . . . . . . . . . . . . . . . . . . . Kinetic . | . . . . . . . . . . . . . . . . . . . . . . . . Secondary . | . . . . . . . . . . . . . . . . . . . . . . . . Self-Inflicted Damage 317 | . . 34 . . . 12 . . . . 68 . 9 88 . 16 12 . . . 78 . . Shots 16 | . . 2 . . . 1 . . . . 1 . 2 7 . 1 1 . . . 1 . . Rammed 4 | . . . . . . . . . 1 . . . . . . . 1 . . . 2 . . Targets Rammed 6 | . . . . . . . . . 1 . . . . . . . 1 . . . 4 . . Kicked 2 | . . . . . . . . . . . . . . . . . . . . . 2 . . Crushed . | . . . . . . . . . . . . . . . . . . . . . . . . Highest Temperature 399 | . 12 10 2 100 399 111 132 312 290 171 273 238 109 291 377 270 168 172 20 . 381 . 28 Average Temperature 88 | . 6 5 1 35 69 43 41 120 80 33 106 58 40 68 134 146 73 15 13 . 134 . 9 Received Heat Transfer 4058 | . 180 69 . 175 630 270 219 . 207 204 531 105 54 54 180 . 42 499 6 . 516 . 117 Effects 21 | . . . . . . . . 7 1 . . . . . . 3 . . . . 10 . . Shutdowns 1 | . . . . . . . . . . . . . . . . . . . . . 1 . . Energy Bleed 7 | . . . . . . . . 1 1 . . . . . . . . . . . 5 . . Interference 12 | . . . . . . . . 5 . . . . . . . 3 . . . . 4 . . Damage (minor) 1 | . . . . . . . . 1 . . . . . . . . . . . . . . . Siege Activations 41 | . . . . . . . . . 3 5 3 3 1 5 . . 1 7 . . 13 . . Total Turns 740 | . . . . . . . . . 29 50 58 19 16 133 . . 21 87 . . 327 . . Longest Duration 95 | . . . . . . . . . 18 22 23 12 16 85 . . 21 38 . . 95 . . Robots Corrupted 8 | . . . . . . . . . . . . . 1 2 . . . 1 . 2 1 1 . Combat Hostiles 4 | . . . . . . . . . . . . . 1 1 . . . . . . 1 1 . Parts Fried 44 | . . . . . . . . . . . 4 . 3 8 2 . . 5 . 10 11 1 . Impact Corruptions 3 | . . . . . . 3 . . . . . . . . . . . . . . . . . Robots Melted 6 | . . . . . . . . . . 1 . . . 3 1 . 1 . . . . . . Combat Hostiles 6 | . . . . . . . . . . 1 . . . 3 1 . 1 . . . . . . Parts Melted 39 | . . . . . 1 2 1 1 3 4 3 . . 8 3 . 3 4 . . 6 . . Heat Transferred 24409 | . . . . . 2442 1406 1258 2590 2605 1184 1258 555 148 2787 1210 . 1184 1715 . 200 3867 . . Parts Sabotaged . | . . . . . . . . . . . . . . . . . . . . . . . . Parts Stolen . | . . . . . . . . . . . . . . . . . . . . . . . . Parts Stripped . | . . . . . . . . . . . . . . . . . . . . . . . . Power Chain Reactions 16 | . . . . . . . . . 2 . . . . 9 1 . . 1 . 3 . . . Missiles Intercepted . | . . . . . . . . . . . . . . . . . . . . . . . . Alert | -11 -10 -10 -10 -9 -8 -8 -7 -7 -7 -7 -7 -7 -7 -7 -7 -6 -6 -6 -6 -6 -6 -5 -5 ------- Run | Scr Mat Min Exi Min Mat Sto Fac Was Fac Gar Fac Low Low Zio Dee Pro Fac Ext Cet Arc Hub Fac Gar Peak Influence 922 | . 347 153 . 190 334 537 157 55 263 606 379 . . . . . 177 617 603 422 922 417 352 Initial 275 | . . 7 . . 13 93 . 45 . 161 275 . . . . . . 74 218 199 5 271 257 Average 174 | . 143 43 . 20 176 133 51 35 56 360 309 . . . . . 62 263 471 259 500 321 299 Maximum Alert Level 3 | . 1 . . . 1 2 . . 1 2 1 . . . . . . 2 2 2 3 2 1 Low Security (%) 63 | . 78 100 . 100 53 72 100 100 90 22 . . . . . . 100 37 1 13 14 . . Level 1 25 | . 21 . . . 46 16 . . 9 34 99 . . . . . . 41 22 73 26 86 100 Level 2 7 | . . . . . . 10 . . . 43 . . . . . . . 21 75 12 23 13 . Level 3 3 | . . . . . . . . . . . . . . . . . . . . . 35 . . Level 4 . | . . . . . . . . . . . . . . . . . . . . . . . . Level 5 . | . . . . . . . . . . . . . . . . . . . . . . . . High Security . | . . . . . . . . . . . . . . . . . . . . . . . . Max Security . | . . . . . . . . . . . . . . . . . . . . . . . . Squads Dispatched 43 | . 4 2 . . 4 1 4 . 4 . 2 . . . . . 4 4 . . 14 . . Investigation 17 | . 4 1 . . 3 1 1 . 1 . 2 . . . . . . 2 . . 2 . . Extermination 9 | . . . . . . . 1 . 2 . . . . . . . 3 . . . 3 . . Reinforcement 11 | . . . . . 1 . 1 . 1 . . . . . . . 1 2 . . 5 . . Assault 2 | . . 1 . . . . . . . . . . . . . . . . . . 1 . . Garrison 4 | . . . . . . . 1 . . . . . . . . . . . . . 3 . . Intercept . | . . . . . . . . . . . . . . . . . . . . . . . . Searches Triggered . | . . . . . . . . . . . . . . . . . . . . . . . . Construction Impeded 5 | . . . . . . . 1 . . . . . . . . . . 1 . . 3 . . Haulers Reinforced 1 | . . . . . . . . . . . . . . . . . 1 . . . . . . Active Scanning Responses . | . . . . . . . . . . . . . . . . . . . . . . . . Cargo Convoy Interrupts . | . . . . . . . . . . . . . . . . . . . . . . . . Stealth | -11 -10 -10 -10 -9 -8 -8 -7 -7 -7 -7 -7 -7 -7 -7 -7 -6 -6 -6 -6 -6 -6 -5 -5 --------- Run | Scr Mat Min Exi Min Mat Sto Fac Was Fac Gar Fac Low Low Zio Dee Pro Fac Ext Cet Arc Hub Fac Gar Distress Signals 21 | . . . . 1 3 2 1 . . . . . . . . . . 4 2 . 8 . . Communications Jammed . | . . . . . . . . . . . . . . . . . . . . . . . . Distress Signals . | . . . . . . . . . . . . . . . . . . . . . . . . Times Spotted 445 | . 20 12 7 23 49 25 15 6 23 13 10 11 3 62 5 . 11 45 15 12 67 3 8 Peak Tracking Total 9 | . 3 4 9 4 9 5 4 2 4 6 3 4 3 3 3 . 3 5 5 1 8 2 7 Tactical Retreats 11 | . . . . 1 . . . . 1 . 1 . . 4 . . . 1 . . 2 . 1 Traps | -11 -10 -10 -10 -9 -8 -8 -7 -7 -7 -7 -7 -7 -7 -7 -7 -6 -6 -6 -6 -6 -6 -5 -5 ------- Run | Scr Mat Min Exi Min Mat Sto Fac Was Fac Gar Fac Low Low Zio Dee Pro Fac Ext Cet Arc Hub Fac Gar Traps Triggered 14 | . 3 . . . . . 1 . 3 . 2 . 1 . . . 2 1 . . 1 . . Indirectly . | . . . . . . . . . . . . . . . . . . . . . . . . Trap Hack Attempts . | . . . . . . . . . . . . . . . . . . . . . . . . Triggered . | . . . . . . . . . . . . . . . . . . . . . . . . Disarmed . | . . . . . . . . . . . . . . . . . . . . . . . . Reprogrammed . | . . . . . . . . . . . . . . . . . . . . . . . . Reused . | . . . . . . . . . . . . . . . . . . . . . . . . Traps Extracted . | . . . . . . . . . . . . . . . . . . . . . . . . Installed . | . . . . . . . . . . . . . . . . . . . . . . . . Triggered . | . . . . . . . . . . . . . . . . . . . . . . . . Machines | -11 -10 -10 -10 -9 -8 -8 -7 -7 -7 -7 -7 -7 -7 -7 -7 -6 -6 -6 -6 -6 -6 -5 -5 ---------- Run | Scr Mat Min Exi Min Mat Sto Fac Was Fac Gar Fac Low Low Zio Dee Pro Fac Ext Cet Arc Hub Fac Gar Machines Disabled 51 | . 1 . 1 1 1 5 . . 3 2 1 . . 5 1 . 2 2 1 2 23 . . Max in Single Turn 12 | . 1 . 1 1 1 1 . . 2 1 1 . . 1 1 . 1 1 . 1 12 . . Garrison Access 4 | . . . . . 1 1 . . 1 . . . . . . . . . . . 1 . . Garrison Relay 2 | . . . . . . . . . . 2 . . . . . . . . . . . . . Network Hub 2 | . . . . . . . . . . . . . . . . . . . . . 2 . . Machines Sabotaged . | . . . . . . . . . . . . . . . . . . . . . . . . Garrisons Compromised . | . . . . . . . . . . . . . . . . . . . . . . . . Overloaded Fab Kills . | . . . . . . . . . . . . . . . . . . . . . . . . Hacking | -11 -10 -10 -10 -9 -8 -8 -7 -7 -7 -7 -7 -7 -7 -7 -7 -6 -6 -6 -6 -6 -6 -5 -5 --------- Run | Scr Mat Min Exi Min Mat Sto Fac Was Fac Gar Fac Low Low Zio Dee Pro Fac Ext Cet Arc Hub Fac Gar Machines Accessed 83 | . 10 3 2 . 15 13 2 . 10 . 3 1 . . . . 4 12 1 . 3 4 . Terminals 50 | . 7 1 . . 9 9 . . 3 . 2 . . . . . 3 11 1 . 3 1 . Fabricators 5 | . . . . . . . 1 . 1 . . . . . . . 1 . . . . 2 . Repair Stations 7 | . 1 . . . 2 2 . . 1 . 1 . . . . . . . . . . . . Recycling Units 6 | . 2 . . . 2 1 . . . . . . . . . . . 1 . . . . . Scanalyzers 4 | . . . . . 1 . . . 3 . . . . . . . . . . . . . . Garrison Access 6 | . . . . . 1 1 1 . 2 . . . . . . . . . . . . 1 . Total Hacks 265 | . 30 4 2 . 42 50 6 . 32 . 11 1 . . . . 7 28 2 . 18 32 . Successful 158 | . 21 3 2 . 28 36 2 . 21 . 5 1 . . . . 3 12 1 . 10 13 . Failed 104 | . 8 1 . . 14 13 4 . 11 . 6 . . . . . 4 16 1 . 7 19 . Catastrophic 11 | . . . . . . 1 2 . 1 . . . . . . . 1 1 . . 2 3 . Database Lockouts 3 | . 1 . . . . 1 . . . . . . . . . . . . . . 1 . . Manual 124 | . 20 2 1 . 22 19 . . 8 . 1 . . 5 . . 1 6 1 . 16 22 . Terminals 169 | . 26 2 . . 29 37 . . 7 . 9 . . . . . 6 26 2 . 18 7 . Fabricators 32 | . . . . . . . 4 . 3 . . . . . . . 1 . . . . 24 . Repair Stations 22 | . 2 . . . 4 11 . . 3 . 2 . . . . . . . . . . . . Recycling Units 7 | . 2 . . . 2 1 . . . . . . . . . . . 2 . . . . . Scanalyzers 22 | . . . . . 5 . . . 17 . . . . . . . . . . . . . . Garrison Access 8 | . . . . . 2 1 2 . 2 . . . . . . . . . . . . 1 . Terminal Hacks 79 | . 14 3 2 . 13 20 . . 1 . 3 1 . . . . 2 10 1 . 6 3 . Record 1 | . . . 1 . . . . . . . . . . . . . . . . . . . . Part Schematic 1 | . . . . . . 1 . . . . . . . . . . . . . . . . . Robot Analysis 7 | . 2 . . . 3 2 . . . . . . . . . . . . . . . . . Prototype ID Bank 15 | . 5 1 . . 3 2 . . . . . . . . . . . 2 . . 2 . . Open Door 13 | . . 2 . . . 2 . . . . . 1 . . . . . 7 1 . . . . Branch Access Points 3 | . 1 . . . . 1 . . . . 1 . . . . . . . . . . . . Emergency Access Points 1 | . . . . . . . . . . . . . . . . . . . . . . 1 . Terminal Index 3 | . 2 . . . 1 . . . . . . . . . . . . . . . . . . Recycling Unit Index 1 | . . . . . 1 . . . . . . . . . . . . . . . . . . Scanalyzer Index 2 | . . . . . 1 . . . . . . . . . . . . . . . . 1 . Alert Level 6 | . 1 . . . 1 3 . . . . . . . . . . 1 . . . . . . Unreport Threat 6 | . . . . . 1 3 . . . . . . . . . . . . . . 2 . . Locate Traps 11 | . 1 . . . 1 4 . . 1 . 1 . . . . . 1 1 . . 1 . . Recall Investigation 1 | . 1 . . . . . . . . . . . . . . . . . . . . . . Zone Layout 7 | . 1 . . . 1 2 . . . . 1 . . . . . . . . . 1 1 . EX-Prototype ID Bank 1 | . . . 1 . . . . . . . . . . . . . . . . . . . . Fabricator Hacks 5 | . . . . . . . 2 . 1 . . . . . . . . . . . . 2 . Network Status 1 | . . . . . . . . . . . . . . . . . . . . . . 1 . Load Schematic 2 | . . . . . . . 1 . 1 . . . . . . . . . . . . . . Build 2 | . . . . . . . 1 . . . . . . . . . . . . . . 1 . Repair Station Hacks 17 | . 2 . . . 3 9 . . 2 . 1 . . . . . . . . . . . . Scan Component 10 | . 1 . . . 2 5 . . 1 . 1 . . . . . . . . . . . . Repair 7 | . 1 . . . 1 4 . . 1 . . . . . . . . . . . . . . Recycling Unit Hacks . | . . . . . . . . . . . . . . . . . . . . . . . . Scanalyzer 19 | . . . . . 5 . . . 14 . . . . . . . . . . . . . . Insert Component 7 | . . . . . 2 . . . 5 . . . . . . . . . . . . . . Analyze 12 | . . . . . 3 . . . 9 . . . . . . . . . . . . . . Garrison Access Hacks 5 | . . . . . 1 1 . . 2 . . . . . . . . . . . . 1 . Unlock Access 2 | . . . . . . . . . 1 . . . . . . . . . . . . 1 . Seal Access 3 | . . . . . 1 1 . . 1 . . . . . . . . . . . . . . Unauthorized Hacks 33 | . 5 . . . 6 6 . . 1 . 1 . . . . . 1 2 . . 4 7 . Terminals 21 | . 3 . . . 4 5 . . . . 1 . . . . . 1 1 . . 4 2 . Assimilate 2 | . . . . . 1 1 . . . . . . . . . . . . . . . . . Botnet 14 | . 3 . . . 2 3 . . . . 1 . . . . . 1 1 . . 2 1 . Detonate 1 | . . . . . . 1 . . . . . . . . . . . . . . . . . Disrupt 1 | . . . . . . . . . . . . . . . . . . . . . 1 . . Operators 3 | . . . . . 1 . . . . . . . . . . . . . . . 1 1 . Fabricators 5 | . . . . . . . . . . . . . . . . . . . . . . 5 . Report 1 | . . . . . . . . . . . . . . . . . . . . . . 1 . Prioritize 1 | . . . . . . . . . . . . . . . . . . . . . . 1 . Liberate 2 | . . . . . . . . . . . . . . . . . . . . . . 2 . Fabnet 1 | . . . . . . . . . . . . . . . . . . . . . . 1 . Repair Stations 1 | . . . . . . . . . 1 . . . . . . . . . . . . . . Mechanics 1 | . . . . . . . . . 1 . . . . . . . . . . . . . . Recycling Units 6 | . 2 . . . 2 1 . . . . . . . . . . . 1 . . . . . Reject 1 | . . . . . . . . . . . . . . . . . . 1 . . . . . Tunnel 5 | . 2 . . . 2 1 . . . . . . . . . . . . . . . . . Scanalyzers . | . . . . . . . . . . . . . . . . . . . . . . . . Garrison Access . | . . . . . . . . . . . . . . . . . . . . . . . . Data Cores Recovered 1 | . . . . . . 1 . . . . . . . . . . . . . . . . . Used . | . . . . . . . . . . . . . . . . . . . . . . . . Hacking Detections 61 | . 7 1 . . 12 10 2 . 6 . 3 . . . . . 4 9 1 . 3 3 . Full Trace Events 7 | . . . . . 1 1 1 . 1 . 1 . . . . . . 1 . . 1 . . Feedback Events . | . . . . . . . . . . . . . . . . . . . . . . . . Feedback Blocked . | . . . . . . . . . . . . . . . . . . . . . . . . Robot Schematics Acquired 3 | . . . . . . . . . . . . . . 3 . . . . . . . . . Robots Built . | . . . . . . . . . . . . . . . . . . . . . . . . Authchips . | . . . . . . . . . . . . . . . . . . . . . . . . Time . | . . . . . . . . . . . . . . . . . . . . . . . . Total Robot Build Rating . | . . . . . . . . . . . . . . . . . . . . . . . . Part Schematics Acquired 20 | . . . . . 2 1 . . 4 . . . . 13 . . . . . . . . . Parts Built 3 | . . . . . . . 1 . . . . . . . . . . . . . . 2 . Authchips . | . . . . . . . . . . . . . . . . . . . . . . . . Time 145 | . . . . . . . 76 . . . . . . . . . . . . . . 69 . Total Part Build Rating 23 | . . . . . . . 5 . . . . . . . . . . . . . . 18 . Parts Repaired 7 | . 1 . . . 1 4 . . 1 . . . . . . . . . . . . . . Time 324 | . 26 . . . 50 192 . . 56 . . . . . . . . . . . . . . Parts Recycled . | . . . . . . . . . . . . . . . . . . . . . . . . Recycled Matter . | . . . . . . . . . . . . . . . . . . . . . . . . Retrieved Matter . | . . . . . . . . . . . . . . . . . . . . . . . . Retrieved Components . | . . . . . . . . . . . . . . . . . . . . . . . . Parts Scanalyzed 7 | . . . . . 2 . . . 5 . . . . . . . . . . . . . . Part Schematics Acquired 6 | . . . . . 2 . . . 4 . . . . . . . . . . . . . . Parts Damaged 1 | . . . . . . . . . 1 . . . . . . . . . . . . . . Bothacking | -11 -10 -10 -10 -9 -8 -8 -7 -7 -7 -7 -7 -7 -7 -7 -7 -6 -6 -6 -6 -6 -6 -5 -5 ------------ Run | Scr Mat Min Exi Min Mat Sto Fac Was Fac Gar Fac Low Low Zio Dee Pro Fac Ext Cet Arc Hub Fac Gar Used RIF Installer 1 | . . . . . . . . . . 1 . . . . . . . . . . . . . Robots Hacked 13 | . . 1 4 . . . . . . . . . . 2 . . . 2 . 1 3 . . Non-combat 7 | . . . 3 . . . . . . . . . . 1 . . . . . 1 2 . . Combat 6 | . . 1 1 . . . . . . . . . . 1 . . . 2 . . 1 . . Robot Hacks Applied 14 | . . 1 4 . . . . . . . . . . 2 . . . 2 . 2 3 . . parse_system 9 | . . 1 4 . . . . . . . . . . 2 . . . . . 1 1 . . no_distress 1 | . . . . . . . . . . . . . . . . . . . . 1 . . . purge_threat 1 | . . . . . . . . . . . . . . . . . . . . . 1 . . map_route 1 | . . . . . . . . . . . . . . . . . . . . . 1 . . overwrite_iff 2 | . . . . . . . . . . . . . . . . . . 2 . . . . . Relay Couplers Released 14 | . . . . . . . . . 4 9 . . . . . . . . . . 1 . . Machine Destruction 10 | . . . . . . . . . . 9 . . . . . . . . . . 1 . . Programmers 4 | . . . . . . . . . 4 . . . . . . . . . . . . . . Attached 2 | . . . . . . . . . . . . . . . . . . 1 . . 1 . . Fabnet Peak Effective % . | . . . . . . . . . . . . . . . . . . . . . . . . Robots Rewired 15 | . . . . . . . . . . . . . . . . . . 15 . . . . . Allies Hacked . | . . . . . . . . . . . . . . . . . . . . . . . . Hacks Repelled . | . . . . . . . . . . . . . . . . . . . . . . . . Allies | -11 -10 -10 -10 -9 -8 -8 -7 -7 -7 -7 -7 -7 -7 -7 -7 -6 -6 -6 -6 -6 -6 -5 -5 -------- Run | Scr Mat Min Exi Min Mat Sto Fac Was Fac Gar Fac Low Low Zio Dee Pro Fac Ext Cet Arc Hub Fac Gar Total Allies 29 | . . 2 . . 1 . . . . . . . . . . . . 26 . . . . . Largest Group 16 | . . 2 . . 1 . . . . . . . . . . . . 16 16 10 9 . . Highest-Rated Group 599 | . . 62 . . 10 . . . . . . . . . . . . 599 599 423 264 . . Highest-Rated Ally 159 | . . 31 . . 10 . . . . . . . . . . . . 159 159 159 39 . . Total Orders . | . . . . . . . . . . . . . . . . . . . . . . . . Ally Attacks 244 | . . 8 . . . . . . . . . . . . . . . 119 73 13 31 . . Total Damage 5384 | . . 147 . . . . . . . . . . . . . . . 2861 1666 143 567 . . Kills 49 | . . 2 . . . . . . . . . . . . . . . 20 16 3 8 . . Allies Corrupted 1 | . . 1 . . . . . . . . . . . . . . . . . . . . . Allies Melted . | . . . . . . . . . . . . . . . . . . . . . . . . Intel | -11 -10 -10 -10 -9 -8 -8 -7 -7 -7 -7 -7 -7 -7 -7 -7 -6 -6 -6 -6 -6 -6 -5 -5 ------- Run | Scr Mat Min Exi Min Mat Sto Fac Was Fac Gar Fac Low Low Zio Dee Pro Fac Ext Cet Arc Hub Fac Gar Robot Analysis Total 7 | . 2 . . . 3 2 . . . . . . . . . . . . . . . . . Derelict Logs Recovered 7 | . . 2 . 1 . . . . . . . 2 1 . . 1 . . . . . . . Drone Launches . | . . . . . . . . . . . . . . . . . . . . . . . . Drone Recoveries . | . . . . . . . . . . . . . . . . . . . . . . . . Exploration | -11 -10 -10 -10 -9 -8 -8 -7 -7 -7 -7 -7 -7 -7 -7 -7 -6 -6 -6 -6 -6 -6 -5 -5 ------------- Run | Scr Mat Min Exi Min Mat Sto Fac Was Fac Gar Fac Low Low Zio Dee Pro Fac Ext Cet Arc Hub Fac Gar Turns Passed 26458 | . 1238 1670 652 2197 2399 1826 908 556 1873 491 739 849 473 2755 852 507 1111 1871 291 921 1926 220 133 Spaces Moved 12133 | 1 680 707 370 753 945 722 485 191 1032 220 388 507 285 1209 485 309 580 788 151 310 743 202 70 Core . | . . . . . . . . . . . . . . . . . . . . . . . . Treads 11160 | . 289 707 370 753 945 722 485 191 928 220 388 507 285 1209 485 309 580 788 151 310 538 . . Legs 869 | 1 391 . . . . . . . . . . . . . . . . . . . 205 202 70 Wheels 104 | . . . . . . . . . 104 . . . . . . . . . . . . . . Hover . | . . . . . . . . . . . . . . . . . . . . . . . . Flight . | . . . . . . . . . . . . . . . . . . . . . . . . Fastest Speed 100 | 120 120 160 160 240 160 160 160 160 145 160 155 155 155 155 160 160 160 160 160 160 100 100 100 Average Speed 167 | 120 137 160 173 240 202 188 160 160 159 160 156 155 155 157 160 160 160 164 160 160 155 100 100 Slowest Speed 250 | 120 160 160 240 240 246 240 160 160 240 160 160 155 155 235 160 160 250 240 160 160 240 100 100 Overloaded Moves . | . . . . . . . . . . . . . . . . . . . . . . . . Propulsion Burnouts . | . . . . . . . . . . . . . . . . . . . . . . . . Robots Hopped . | . . . . . . . . . . . . . . . . . . . . . . . . Cave-ins Triggered . | . . . . . . . . . . . . . . . . . . . . . . . . Exploration Rate (%) 60 | 1 100 96 87 99 94 92 17 83 32 42 16 82 41 90 70 51 20 85 71 98 69 8 18 Regions Visited 23 Branch Regions 13 Pre-discovered Areas 8 | . 2 2 1 . 2 1 . . . . . . . . . . . . . . . . . Known Exits Taken 9 | . 1 . . . 1 . . . 1 . 1 1 . . . 1 1 . . . 1 1 . Unknown Exits Taken 11 | 1 . 1 1 1 . 1 . . . . . . 1 1 1 . . 1 1 1 . . . Scrap Searched 11 | . . 1 . 2 . . . . . . . 3 1 1 . 3 . . . . . . . Spaces Dug 116 | . 9 . . 13 . 16 10 1 . . 2 . . . . 26 27 12 . . . . . Terrain Destroyed 922 | . 9 33 6 23 47 23 10 6 58 5 22 12 . 23 18 42 50 98 . 16 419 2 . Melee 3 | . . . . . . 2 1 . . . . . . . . . . . . . . . . Projectile 79 | . . . . . 1 . . 6 2 . 2 3 . 2 1 . 5 . . 7 48 2 . AOE 840 | . 9 33 6 23 46 21 9 . 56 5 20 9 . 21 17 42 45 98 . 9 371 . . Terrain Rammed . | . . . . . . . . . . . . . . . . . . . . . . . . Walls Destroyed . | . . . . . . . . . . . . . . . . . . . . . . . . Machines Disabled . | . . . . . . . . . . . . . . . . . . . . . . . . Actions | -11 -10 -10 -10 -9 -8 -8 -7 -7 -7 -7 -7 -7 -7 -7 -7 -6 -6 -6 -6 -6 -6 -5 -5 --------- Run | Scr Mat Min Exi Min Mat Sto Fac Was Fac Gar Fac Low Low Zio Dee Pro Fac Ext Cet Arc Hub Fac Gar Total 16426 | . 889 1179 378 1066 1301 1057 557 367 1197 316 470 545 302 1665 522 317 705 1227 195 678 1165 213 115 Wait 2208 | . 104 410 . 259 152 211 5 84 62 54 32 15 5 165 . . 17 193 9 298 106 . 27 Move 12112 | . 679 706 369 752 944 721 485 190 1031 219 387 506 284 1208 484 308 579 787 150 309 742 202 70 Hop . | . . . . . . . . . . . . . . . . . . . . . . . . Pick Up 175 | . 17 7 . 8 23 10 7 10 18 4 3 4 1 5 3 . 9 8 6 3 26 3 . Fast Attach 106 | . 3 1 . . 16 7 1 3 6 1 3 1 . 11 3 2 21 3 5 2 16 . 1 Attach 59 | . . . . 3 6 . 2 2 7 1 1 . . 2 1 . 5 5 1 . 19 3 1 Detach 9 | . 1 . . . 2 . . . 1 . . . . . . . . . 1 . 4 . . Swap 195 | . 12 9 3 5 24 18 8 11 11 5 6 2 2 17 2 2 17 14 2 6 15 2 2 Drop 259 | . 15 9 1 . 49 10 9 17 19 5 7 4 1 16 5 2 26 9 15 6 34 . . Fire 1158 | . 58 36 1 39 85 69 39 50 41 27 31 13 9 241 24 3 30 86 6 54 199 3 14 Melee 17 | . . 1 4 . . 11 1 . . . . . . . . . . . . . . . . Ram . | . . . . . . . . . . . . . . . . . . . . . . . . Kick 2 | . . . . . . . . . . . . . . . . . . . . . 2 . . Crush 4 | . . . . . . . . . 1 . . . . . . . 1 . . . 2 . . Escape Stasis . | . . . . . . . . . . . . . . . . . . . . . . . . Rewire 122 | . . . . . . . . . . . . . . . . . . 122 . . . . . Trap . | . . . . . . . . . . . . . . . . . . . . . . . . Miscellaneous . | . . . . . . . . . . . . . . . . . . . . . . . . Route ------- -11/Scrapyard -10/Materials (discovered 4 exits: [*Mat x3] / *Min) -10/Mines (discovered 3 exits: [*Mat x2] / *Exi) -10/Exiles -9/Mines (discovered 2 exits: *Mat x2) -8/Materials (discovered 4 exits: *Fac x2 / *Sto x2) -8/Storage (discovered 2 exits: *Fac / Rec) -7/Factory (discovered 2 exits: *Fac / *Low) -7/Waste -7/Factory (discovered 4 exits: *Fac x3 / Gar) -7/Garrison -7/Factory (discovered 2 exits: *Low x2) -7/Lower Caves -7/Lower Caves -7/Zion (discovered 2 exits: [*Dee] / [*Pro]) -7/Deep Caves -6/Proximity Caves -6/Factory (discovered 3 exits: Fac / [*Low] / *Ext) -6/Extension (discovered 2 exits: *Fac / *Cet) -6/Cetus (discovered 2 exits: *Fac / [*Arc]) -6/Archives (discovered 3 exits: *Fac / *Hub x2) -6/Hub_04(d) (discovered 4 exits: *Fac x4) -5/Factory (discovered 2 exits: [Upp] / Gar) -5/Garrison History --------- Turn | Location | Event 1 | -11/Scrapyard | Discovered new exit (range 0) 1 | -11/Scrapyard | Entered Materials 242 | -10/Materials | Discovered new exit (range 6) 310 | -10/Materials | Discovered new exit (range 10) 311 | -10/Materials | Build established: Mutant 706 | -10/Materials | Discovered new exit (range 16) 797 | -10/Materials | Identified exit to Mines 972 | -10/Materials | Central database locked down 1012 | -10/Materials | Discovered new exit (range 14) 1166 | -10/Materials | Repaired Lgt. Treads 1239 | -10/Materials | Entered Mines 1287 | -10/Mines | YI-UF0 nonchalantly dropped a Grenade Launcher on the ground 1322 | -10/Mines | Destroyed YI-UF0 1382 | -10/Mines | Discovered new exit (range 9) 1421 | -10/Mines | Found the Drone Emporium 1427 | -10/Mines | Found Prototype Device 1574 | -10/Mines | Met a Derelict testing a Signal Generator 1865 | -10/Mines | Discovered new exit (range 8) 2042 | -10/Mines | Received a Mining Laser from a helpful Derelict 2244 | -10/Mines | Met a Derelict shopkeep closing up shop 2302 | -10/Mines | Excavation squad dispatched 2302 | -10/Mines | A large section of the Mines collapsed 2903 | -10/Mines | Deemed a non-threat by the Exiles lab entrance 2903 | -10/Mines | Discovered new exit (range 5) 2909 | -10/Mines | Entered Exiles 2946 | -10/Exiles | Met 8R-AWN 2978 | -10/Exiles | Met EX-HEX 3026 | -10/Exiles | Met EX-BIN 3050 | -10/Exiles | Aligned with FarCom system 3051 | -10/Exiles | Given EX-Vault access code 3090 | -10/Exiles | Opened EX-Vault 3125 | -10/Exiles | Warned to stay clear of 0b10 Research branches 3175 | -10/Exiles | Met EX-DEC 3181 | -10/Exiles | Learned location of Zion (-7) 3248 | -10/Exiles | Visited The Gauntlet 3517 | -10/Exiles | Attacked by the Exiles 3542 | -10/Exiles | Discovered new exit (range 10) 3561 | -10/Exiles | Entered Mines 3875 | -9/Mines | A weapon hastily lodged in a ceiling crevice suddenly fell to the ground 4319 | -9/Mines | Received a Rocket Launcher from a helpful Derelict 4478 | -9/Mines | Assembled infested the area 4483 | -9/Mines | Assisted by a Guerilla fighting off Assembled 4662 | -9/Mines | Core integrity fell below 50% 5047 | -9/Mines | Discovered new exit (range 15) 5230 | -9/Mines | Discovered new exit (range 10) 5758 | -9/Mines | Entered Materials 5758 | -8/Materials | Evolved 4 slots: Propulsion x1, Utility x2, Weapon x1 5759 | -8/Materials | Identified exit to Storage 6048 | -8/Materials | Build established: Tank 6369 | -8/Materials | Identified Bomb Drone Bay 7068 | -8/Materials | Destroyed 7 combat bots 7417 | -8/Materials | Discovered new exit (range 10) 7792 | -8/Materials | Discovered exit to Storage (range 13) 7871 | -8/Materials | Repaired Cmb. Airjet 7885 | -8/Materials | Discovered new exit (range 7) 8157 | -8/Materials | Entered Storage 8188 | -8/Storage | Identified exit to Recycling 8615 | -8/Storage | Destroyed 10 combat bots 8635 | -8/Storage | Central database locked down 8820 | -8/Storage | Discovered new exit (range 7) 9015 | -8/Storage | Repaired Med. Treads 9061 | -8/Storage | Repaired Med. Treads 9106 | -8/Storage | Repaired Med. Treads 9168 | -8/Storage | Repaired Enh. Autogun 9616 | -8/Storage | Found Exp. Targeting Computer 9619 | -8/Storage | Found Exp. Targeting Computer 9983 | -8/Storage | Entered Factory 9983 | -7/Factory | Evolved 2 slots: Propulsion x1, Utility x1 10288 | -7/Factory | Build established: Gunner 10290 | -7/Factory | Discovered new exit (range 9) 10439 | -7/Factory | Discovered new exit (range 19) 10519 | -7/Factory | Fabricated Com. Ion Cannon (x1) 10807 | -7/Factory | Garrison activated, responded to threat 10891 | -7/Factory | Sucked down chute 10891 | -7/Factory | Entered Waste 10906 | -7/Waste | EMP discharged 10915 | -7/Waste | Spotted C-40 Crusher 10939 | -7/Waste | Spotted C-40 Crusher 11006 | -7/Waste | EMP discharged 11007 | -7/Waste | Destroyed C-40 Crusher 11026 | -7/Waste | Crushed by Compactor (1 part destroyed, 1 dropped) 11042 | -7/Waste | Spotted C-40 Crusher 11087 | -7/Waste | Destroyed C-40 Crusher 11095 | -7/Waste | Spotted C-40 Crusher 11106 | -7/Waste | EMP discharged 11106 | -7/Waste | System corruption reached 10% 11180 | -7/Waste | Destroyed C-40 Crusher 11206 | -7/Waste | EMP discharged 11210 | -7/Waste | Destroyed C-40 Crusher 11234 | -7/Waste | Found Damper Plating 11249 | -7/Waste | Spotted C-40 Crusher 11272 | -7/Waste | Spotted C-40 Crusher 11306 | -7/Waste | EMP discharged 11311 | -7/Waste | Destroyed C-40 Crusher 11344 | -7/Waste | Destroyed C-40 Crusher 11406 | -7/Waste | EMP discharged 11417 | -7/Waste | Discovered new exit (range 19) 11447 | -7/Waste | Entered Factory 11817 | -7/Factory | Discovered new exit (range 8) 11948 | -7/Factory | Identified exit to Factory 12234 | -7/Factory | Discovered exit to Factory (range 20) 12286 | -7/Factory | Build established: Scavenger-Gunner 12457 | -7/Factory | Repaired Hvy. Treads 12689 | -7/Factory | Build established: Gunner 12900 | -7/Factory | Discovered exit to Factory (range 9) 12919 | -7/Factory | Identified exit to Garrison 13320 | -7/Factory | Entered Garrison 13328 | -7/Garrison | Installed Relay Interface Framework 13407 | -7/Garrison | Triggered checkpoint 13461 | -7/Garrison | Garrison Relay disabled 13534 | -7/Garrison | Triggered checkpoint 13574 | -7/Garrison | Triggered checkpoint 13618 | -7/Garrison | Triggered checkpoint 13684 | -7/Garrison | Discovered new exit (range 19) 13708 | -7/Garrison | Triggered checkpoint 13747 | -7/Garrison | Garrison Relay disabled 13811 | -7/Garrison | Entered Factory 13925 | -7/Factory | Identified exit to Lower Caves 14550 | -7/Factory | Entered Lower Caves 14719 | -7/Lower Caves | Learned Factory stockpile data 14865 | -7/Lower Caves | Identified exit to Lower Caves 15328 | -7/Lower Caves | Attracted the attention of an 0b10 checkpoint 15399 | -7/Lower Caves | Entered another Lower Caves area 15400 | -7/Lower Caves | Encountered a Warlord checkpoint 15540 | -7/Lower Caves | Discovered new exit (range 16) 15605 | -7/Lower Caves | Learned 8 Factory zone layouts 15683 | -7/Lower Caves | Spotted B-75 Beast 15872 | -7/Lower Caves | Entered Zion 15947 | -7/Zion | Discovered new exit (range 15) 16113 | -7/Zion | RIF detected upon attempting to enter Zion 16113 | -7/Zion | Attacked by Zionites 16116 | -7/Zion | Spotted DT-NOM(B) 16263 | -7/Zion | Destroyed Imprinter 16274 | -7/Zion | Extracted access codes from Imprinter's data core 16408 | -7/Zion | Destroyed DT-NOM(B) 16431 | -7/Zion | Spotted KR-BFF(B) 16448 | -7/Zion | Destroyed KR-BFF(B) 16768 | -7/Zion | Build established: Scavenger-Mutant 16856 | -7/Zion | Found Prototype Device 16856 | -7/Zion | Identified Phasing AFG 16993 | -7/Zion | Opened final containment barrier to the Deep Caves 18619 | -7/Zion | Discovered new exit (range 5) 18622 | -7/Zion | Saw the warning signs outside the Deep Caves entrance 18627 | -7/Zion | Entered Deep Caves 18860 | -7/Deep Caves | Z-Facility disabled 18915 | -7/Deep Caves | Found Prototype Protection 18915 | -7/Deep Caves | Identified Zio. Weapon Casing 19077 | -7/Deep Caves | Discovered new exit (range 6) 19249 | -7/Deep Caves | Build established: Scavenger-Gunner 19420 | -7/Deep Caves | Found Unknown Processor 19423 | -7/Deep Caves | Found Surveybot 24 Scanner 19479 | -7/Deep Caves | Entered Proximity Caves 19775 | -6/Proximity Caves | Learned Factory emergency access door positions 19807 | -6/Proximity Caves | Spotted B-75 Beast 19955 | -6/Proximity Caves | Discovered exit to Factory (range 14) 19986 | -6/Proximity Caves | Entered Factory 19986 | -6/Factory | Evolved 2 slots: Utility x2 19987 | -6/Factory | Identified exit to Factory 19987 | -6/Factory | Identified exit to Extension 19987 | -6/Factory | Identified Surveybot 24 Chip 20193 | -6/Factory | Discovered new exit (range 17) 20629 | -6/Factory | Build established: Scavenger-Skirmisher 21097 | -6/Factory | Entered Extension 21193 | -6/Extension | Rescued a captive Derelict 21263 | -6/Extension | Build established: Scavenger-Tank 21338 | -6/Extension | Rescued a captive Derelict 21339 | -6/Extension | Rescued a captive Derelict 21847 | -6/Extension | Disrupted transfer network 22102 | -6/Extension | Spotted B-75 Beast 22137 | -6/Extension | Spotted B-75 Beast 22211 | -6/Extension | Destroyed B-75 Beast 22451 | -6/Extension | Rescued A7 22484 | -6/Extension | Rescued a captive Derelict 22485 | -6/Extension | Rescued a captive Derelict 22532 | -6/Extension | Rescued a captive Derelict 22706 | -6/Extension | Rescued a captive Derelict 22709 | -6/Extension | Build established: Commander-Tank 22722 | -6/Extension | Rescued a captive Derelict 22749 | -6/Extension | Discovered exit to Factory (range 10) 22751 | -6/Extension | Discovered new exit (range 6) 22968 | -6/Extension | Entered Cetus 22968 | -6/Cetus | Accompanied by 16 allies (A7) 22973 | -6/Cetus | Acquired a Cetus Manufacturing Module code from A7 22988 | -6/Cetus | Spotted Cetus Guard 22988 | -6/Cetus | Spotted Cetus Guard 22988 | -6/Cetus | Spotted Cetus Guard 22989 | -6/Cetus | Spotted Cetus Guard 22996 | -6/Cetus | Allies destroyed Cetus Guard 23000 | -6/Cetus | Allies destroyed Cetus Guard 23001 | -6/Cetus | Allies destroyed Cetus Guard 23001 | -6/Cetus | Allies destroyed Cetus Guard 23039 | -6/Cetus | Cetus Manufacturing Module disabled 23073 | -6/Cetus | Failed to start Cetus Manufacturing Module 23085 | -6/Cetus | Escorted A7 to Cetus Mainframe 23106 | -6/Cetus | Discovered new exit (range 19) 23137 | -6/Cetus | Spotted Cetus Guard 23138 | -6/Cetus | Spotted Cetus Guard 23139 | -6/Cetus | Spotted Cetus Guard 23143 | -6/Cetus | Spotted Cetus Guard 23151 | -6/Cetus | Allies destroyed Cetus Guard 23153 | -6/Cetus | Allies destroyed Cetus Guard 23153 | -6/Cetus | Discovered exit to Factory (range 19) 23154 | -6/Cetus | Allies destroyed Cetus Guard 23158 | -6/Cetus | Allies destroyed Cetus Guard 23186 | -6/Cetus | Met Revision 17 23259 | -6/Cetus | Entered Archives 23259 | -6/Archives | Accompanied by 10 allies (A7) 23264 | -6/Archives | Received a hacking code to weaken MAIN.C 23296 | -6/Archives | Discovered new exit (range 20) 23318 | -6/Archives | Discovered new exit (range 20) 23438 | -6/Archives | Discovered exit to Factory (range 19) 23647 | -6/Archives | Build established: Scavenger-Mutant 24180 | -6/Archives | Entered Hub_04(d) 24180 | -6/Hub_04(d) | Accompanied by 9 allies 24182 | -6/Hub_04(d) | Discovered exit to Factory (range 20) 24365 | -6/Hub_04(d) | Build established: Scavenger-Skirmisher 24458 | -6/Hub_04(d) | Network Hub disabled 24485 | -6/Hub_04(d) | Central database locked down 24559 | -6/Hub_04(d) | Spotted Lightning 24565 | -6/Hub_04(d) | Spotted Lightning 24566 | -6/Hub_04(d) | Spotted Lightning 24624 | -6/Hub_04(d) | Destroyed Lightning 24651 | -6/Hub_04(d) | Destroyed Lightning 24699 | -6/Hub_04(d) | Destroyed Lightning 24746 | -6/Hub_04(d) | Build established: Scavenger-Mutant 24777 | -6/Hub_04(d) | Found EMDS 24976 | -6/Hub_04(d) | Discovered exit to Factory (range 9) 25014 | -6/Hub_04(d) | Network Hub disabled 25054 | -6/Hub_04(d) | Discovered exit to Factory (range 17) 25065 | -6/Hub_04(d) | Spotted Lightning 25065 | -6/Hub_04(d) | Spotted Lightning 25085 | -6/Hub_04(d) | Spotted Lightning 25117 | -6/Hub_04(d) | System corruption reached 10% 25128 | -6/Hub_04(d) | Destroyed Lightning 25135 | -6/Hub_04(d) | Spotted Lightning 25139 | -6/Hub_04(d) | Spotted Lightning 25140 | -6/Hub_04(d) | Spotted Lightning 25149 | -6/Hub_04(d) | Destroyed Lightning 25169 | -6/Hub_04(d) | Destroyed Lightning 25192 | -6/Hub_04(d) | Found Prototype Device 25203 | -6/Hub_04(d) | Identified Exp. Phase Shifter 25452 | -6/Hub_04(d) | Garrison activated, responded to threat 25633 | -6/Hub_04(d) | Destroyed Lightning 25641 | -6/Hub_04(d) | Destroyed Lightning 25706 | -6/Hub_04(d) | Core integrity fell below 50% 25725 | -6/Hub_04(d) | Found EMDS 25729 | -6/Hub_04(d) | Found Exp. Targeting Computer 25733 | -6/Hub_04(d) | Found Exp. EM Disruption Field 25808 | -6/Hub_04(d) | Found EMDS 26007 | -6/Hub_04(d) | Build established: Scavenger-Tank 26058 | -6/Hub_04(d) | Discovered exit to Factory (range 14) 26106 | -6/Hub_04(d) | Entered Factory 26106 | -5/Factory | Evolved 2 slots: Propulsion x1, Utility x1 26241 | -5/Factory | Fabricated Enh. Quantum Rifle (x2) 26319 | -5/Factory | Discovered new exit (range 18) 26326 | -5/Factory | Identified exit to Garrison 26326 | -5/Factory | Entered Garrison 26362 | -5/Garrison | Spotted B-75 Beast 26459 | -5/Garrison | Self-destructed Last Messages --------------- 26398_ EMDS Slug penetrates G-50 Soldier. 26398_ Slug penetrates G-50 Soldier. 26400_ G-50 Soldier suffers critical hit (Destroy). 26400_ Destroyed Carbon-fiber Leg. 26402_ G-50 Soldier destroyed. 26404_ Slug penetrates G-50 Soldier. 26407_ G-50 Soldier suffers critical hit (Destroy). 26407_ G-50 Soldier destroyed. 26411_ Acquired 5 matter. 26412_ Acquired 60 matter. 26415_ Acquired 53 matter. 26421_ EMDS Slug penetrates B-75 Beast. 26423_ EMDS Slug penetrates Wall. 26423_ Slug penetrates B-75 Beast. 26449_ EMDS Slug penetrates Wall. 26449_ Slug penetrates Wall. 26451_ P-70 Sage resets B-75 Beast, system corruption cleaned. 26451_ Acquired 5 matter. 26458_ Acquired 61 matter. 26458_ Surveybot 24 Chip destroyed. Map ----- +----------------------------------------------------+ | ?????????????????????????????????????????????????? | | ?????????????????????????????????????????????????? | | ?????????????????????????????????????????????????? | | ?????????????????????????????????????????????????? | | ?????????????????????????????????????????????????? | | ?????????????????????????????????????????????????? | | ?????????????????????????????????????????????????? | | ?????????????????????????????????????????????????? | | ?????????????????????????????????????????????????? | | ?????????????????????????????????????????????????? | | ?????????????????????????????????????????????????? | | ?????????????????????????????????????????????????? | | ?????????????????????????????????????????????????? | | ?????????????????????????????????????????????????? | | ?????????????????????????????????????????????????? | | ?????? ??????????????????????????????????????????? | | ?????? ?????????????????????????????????????????? | | ??? ???# ????????????????????????????????????????? | | ??? ## ???????????????????????????????????????? | | ???? ??????????????????????????????????????? | | ?????? ??????????###???????????????????????? | | ???????? ????????? #???????????????????????? | | ?????????? ????????# #???????????????????????? | | ???????#????#" ???????# #???????????????????????? | | ??# ## ## #######+##??????????????????????? | | p ^ [@#??????????????????????? | | p s% ==#??????????????????????? | | ??# ###;###! #??????????????????????? | | ???# ##""""#??????# #?#* #??????????????????????? | | ????????????????# ## ###==#??????????????????????? | | ????????????????# # #??????????????????????? | | ????????????????### #### #??????????????????????? | | ??????????????????# ???# #??????????????????????? | | ??????????????????# ???# #??????????????????????? | | ??????????????????# ???# #??????????????????????? | | ?????????????# ######## ##############?????????? | | ?????????????# #?????????? | | ?????????????# #?????????? | | ?????????????########### ########### #?????????? | | ???????????????????????# #?????????# #?????????? | | ???????????????????????# #?????????# #?????????? | | ???????????????????????" "?????????# #?????????? | | ???????????????????????" "?????????# #?????????? | | ???????????????????????" "?????????# ###???????? | | ???????????????????????# #?????????# #???????? | | ???????????????????????# #?????????# #???????? | | ???????????????????????#^ #?????????# #???????? | | ???????????????????????# #?????????######???????? | | ???????????????????????# ???????????????????????? | | ???????????????????????# ???????????????????????? | +----------------------------------------------------+ Best States ------------- Heat Dissipation 66 Coolant Potential 50 Energy Generation 27 Energy Capacity 500 Matter Stores 300 Matter Capacity 300 Sight Range 20 Robot Scan Range 16 Terrain Scan Range 18 Terrain Scan Density 2010 Power Amplification 30 Armor Coverage 3200 Resistance: KI 20 Resistance: TH 20 Resistance: EX 20 Resistance: EM 100 Resistance: I 20 Resistance: S 20 Resistance: P 20 Power Shielding 33 Utility Shielding 66 Weapon Shielding 66 Weapon Cycling 15 Phase Shifting 20 Evasion (%) 55 Targeting Accuracy 12 Armor Integrity Analysis 30 Recoil Reduction 4 Offensive Hacking 10 Defensive Hacking 12 Relay Coupler Types 1 Relay Coupler Value 14 Item Schematics ----------------- Cmb. Airjet | -8/Materials | Scanalyzed Plasma Flamer | -8/Materials | Scanalyzed Hvy. Plasma Cannon | -8/Storage | Hacked Cld. Aerolev Unit | -7/Factory | Scanalyzed Hvy. Treads | -7/Factory | Scanalyzed Imp. Medium Armor Plating | -7/Factory | Scanalyzed Imp. Cooling System | -7/Factory | Scanalyzed Fusion Compressor | -7/Zion | Archive Mak. Hammer | -7/Zion | Archive Hvy. Phase Cannon | -7/Zion | Archive Mak. Laser | -7/Zion | Archive Drone Bay | -7/Zion | Archive Mak. Trap Scanner | -7/Zion | Archive Transmission Jammer | -7/Zion | Archive Adv. Terrain Scanner | -7/Zion | Archive Flexi-carbon Leg | -7/Zion | Archive Armor Integrity Analyzer | -7/Zion | Archive Imp. Shield Generator | -7/Zion | Archive Remote Shield | -7/Zion | Archive Imp. Titanium Leg | -7/Zion | Archive Robot Schematics ------------------ M-28 Smith | -7/Zion | Archive I-25 Savior | -7/Zion | Archive B-36 Bruiser | -7/Zion | Archive Fabricated ------------ Com. Ion Cannon | x1 | -7/Factory | Preloaded Enh. Quantum Rifle | x2 | -5/Factory | Preloaded Alien Tech Used ----------------- None Achievements -------------- Monster Challenges ------------ None Game ------ Seed ModifiedPropulsionCloak Manual? 0 Play Time 02:59:00 Cumulative 218.0 hours Start 2022.05.24 @ 11:42:59 End 2022.05.24 @ 17:58:43 Sessions 3 Manual Loads 0 Difficulty Adventurer Special Mode None Game No. 110 Rogue 2 Adventurer 108 Explorer 0 Win Type - Total 15 Types 8/1/1/1/1/0/1/1/1 Lore% 89 Gallery% 86 Achievement% 77 Wizard Run 0 Options --------- ASCII 0 Keyboard 0 Movement Numpad Keybinds 0 Fullscreen 2 Font 18/SmallcapsGlow Map View 76x50 Tactical HUD 1 Map Filters NONE Filters NONE Steam 1 RUN: 6c1957a3-fa46-4cd5-8af3-ab4aba13a19a